 Dungeon Crawl Stone Soup version 0.20.1-1-g8b1a95d (webtiles) character file.

11189 polve the Carver (level 11, -1/108 HPs)
             Began as a Tengu Berserker on Aug 15, 2017.
             Was a High Priest of Trog.
             Slain by a yak (4 damage)
             ... on level 10 of the Dungeon.
             The game lasted 00:16:48 (13141 turns).

polve the Carver (Tengu Berserker)                 Turns: 13141, Time: 00:16:48

Health: -1/108     AC: 25    Str: 18    XL:     11   Next: 73%
Magic:  12/12      EV:  2    Int:  8    God:    Trog [*****.]
Gold:   512        SH:  0    Dex: 21    Spells: 10/10 levels left

rFire    . . .     SeeInvis .   a - +4 scimitar (freeze)
rCold    . . .     Gourm    .   (no shield)
rNeg     + + +     Faith    .   (armour currently unavailable)
rPois    +         Spirit   .   (helmet currently unavailable)
rElec    .         Reflect  .   (cloak currently unavailable)
rCorr    .         Harm     .   (gloves currently unavailable)
MR       .....     NoTele   +   (boots unavailable)
Stlth    +++.......             (no amulet)
Regen    0.3/turn               h - ring of positive energy
MPRegen  0.2/turn               s - ring of poison resistance

@: agile, tree-form, berserk cooldown, slowed, very slow
A: able to fly 1
a: Fly, Berserk, Trog's Hand, Brothers in Arms, Burn Spellbooks, Renounce
Religion


You were on level 10 of the Dungeon.
You worshipped Trog.
Trog was extremely pleased with you.
You were hungry.
You were a tree.
You visited 1 branch of the dungeon, and saw 10 of its levels.
You also visited: Sewer.

You collected 512 gold pieces.

Inventory:

Hand Weapons
 a - a +4 scimitar of freezing (weapon)
 b - a +0 shortbow
Missiles
 u - 215 arrows
Armour
 v - a +1 ring mail of fire resistance (melded)
 G - a +0 pair of gloves (melded)
 L - a scarf of resistance (melded)
Jewellery
 h - a ring of positive energy (left branch)
 s - a ring of poison resistance (right branch)
Wands
 y - a wand of disintegration (4/24)
 H - a wand of acid (1/15)
Scrolls
 d - 3 scrolls of teleportation
 e - 2 scrolls of blinking {unknown}
 i - 3 scrolls of enchant armour
 j - a scroll of random uselessness {unknown}
 m - 5 scrolls of magic mapping
 o - 4 scrolls of recharging
 q - 4 scrolls of remove curse
 r - 3 scrolls of identify
 t - 2 scrolls of fog {unknown}
 z - a scroll of amnesia {unknown}
 B - a scroll of fear {unknown}
 E - a scroll of holy word {unknown}
 I - a scroll of immolation {unknown}
Potions
 f - a potion of haste {unknown}
 k - a potion of agility
 l - 2 potions of flight {unknown}
 n - 2 potions of curing
 p - 2 potions of brilliance {unknown}
 w - 2 potions of mutation {unknown}
 x - 3 potions of might
 A - 3 potions of lignification
 C - a potion of magic {unknown}
 D - 5 potions of heal wounds {unknown}
 F - a potion of experience {unknown}
 O - a potion of degeneration {unknown}
Books
 J - a book of Air

   Spells                             Type                      Level
   a - Shock                          Conjuration/Air              1
   b - Swiftness                      Charms/Air                   2
   c - Static Discharge               Conjuration/Air              3
   d - Airstrike                      Air                          4
   e - Lightning Bolt                 Conjuration/Air              5
   Trog disapproves of the use of such an item.
 N - a book of Flames

   Spells                             Type                      Level
   a - Flame Tongue                   Conjuration/Fire             1
   b - Throw Flame                    Conjuration/Fire             2
   c - Conjure Flame                  Conjuration/Fire             3
   d - Inner Flame                    Hexes/Fire                   3
   e - Sticky Flame                   Conjuration/Fire             4
   f - Fireball                       Conjuration/Fire             5
   Trog disapproves of the use of such an item.
Comestibles
 c - 5 bread rations
 g - 8 royal jellies
 K - 2 meat rations
 M - 2 chunks of flesh


   Skills:
 - Level 10.0 Fighting
 + Level 12.4 Long Blades
 + Level 8.1 Bows
 - Level 6.6 Armour
 - Level 6.5 Dodging


You had 10 spell levels left.
You didn't know any spells.

Dungeon Overview and Level Annotations

Branches:
Dungeon (10/15)            Temple (0/1) D:6            Lair (0/6) D:9
    Orc: D:9-12

Altars:
Ashenzari
Cheibriados
Elyvilon
Gozag
Hepliaklqana
Makhleb
Nemelex Xobeh
Okawaru
Ru
Trog
Uskayaw
Zin


Innate Abilities, Weirdness & Mutations

((You have a beak for a mouth.))
((You have claws for feet.))
You can fly.


Message History

It was a potion of curing.
You feel better. The yak gores you but does no damage. The yak gores you.
* * * LOW HITPOINT WARNING * * *
You closely miss the yak.
The yak is heavily wounded.
The yak gores you but does no damage.
You slash the yak! You freeze the yak.
The yak is severely wounded.
The yak gores you but does no damage.
You hit the yak. You freeze the yak.
The yak is severely wounded.
The yak gores you but does no damage.
You closely miss the yak.
The yak is severely wounded.
The yak gores you.
* * * LOW HITPOINT WARNING * * *
It was a potion of agility.
You feel agile all of a sudden. The yak gores you.
You die...

.# .. .# ..#......#
###.#.##...# .# ###
<.........# ..# +...
.........# #.#
##...#...##...# #.#
.....'.Y.##...# #.# #Y#
#...##### #.##
#♣###...#...###.#.
#).##.............
######)##..##...###.#.
........(...##...###'#.
......#..#..##.........
......##.#..####.......
..... #....# #.......
##### ##### ##...#
#....... ....# #...#
#####+#.


You could see 2 yaks.

Vanquished Creatures
  Fannar (D:10)
  2 two-headed ogres
  Pikel (D:7)
  The ghost of Overlord the Spear-Bearer, a novice DsGl of Nemelex Xobeh (D:4)
  Psyche (D:8)
  A hippogriff (D:7)
  A human (D:8)
  A wyvern (D:9)
  Eustachio (D:6)
  4 hogs (D:8)
  14 yaks
  A hungry ghost (D:9)
  A water moccasin (D:9)
  4 sky beasts
  7 orc warriors
  An ice beast (D:8)
  3 slaves (D:7)
  2 phantoms
  5 ogres
  2 centaurs
  A bullfrog (D:8)
  5 big kobolds
  6 scorpions
  5 killer bees (D:8)
  A howler monkey (D:9)
  8 wights
  3 crimson imps
  A centaur zombie (D:8)
  A quasit (D:9)
  5 hounds
  A centaur skeleton (D:9)
  9 orc priests
  6 orc wizards
  A bullfrog skeleton (D:6)
  3 iguanas (D:8)
  5 worker ants
  A hound skeleton (D:9)
  A howler monkey skeleton (D:6)
  10 gnolls
  24 adders
  4 river rats (Sewer)
  A shadow imp (D:7)
  6 oozes
  An adder skeleton (D:6)
  7 worms
  3 dart slugs
  2 leopard geckos
  38 orcs
  6 bats
  4 giant cockroaches
  14 goblins
  11 hobgoblins
  15 jackals
  5 quokkas
  7 ball pythons
  4 frilled lizards
  46 kobolds
  2 leopard gecko skeletons
  9 rats
  12 plants (D:7)
348 creatures vanquished.

Notes
Turn   | Place    | Note
-------+----------+-------------------------------------------
     0 | D:1      | polve the Tengu Berserker began the quest for the Orb.
     0 | D:1      | Reached XP level 1. HP: 14/14 MP: 2/2
    84 | D:1      | Reached XP level 2. HP: 19/19 MP: 3/3
   453 | D:1      | Reached XP level 3. HP: 23/23 MP: 4/4
   706 | D:1      | Reached skill level 4 in Long Blades
   707 | D:1      | Reached ** piety under Trog
  1073 | D:2      | Reached XP level 4. HP: 24/29 MP: 5/5
  1295 | D:2      | Found a bloodstained altar of Trog.
  1531 | D:2      | Found a glowing silver altar of Zin.
  1532 | D:2      | Found an opulent altar of Gozag.
  1831 | D:3      | Found a burning altar of Makhleb.
  1881 | D:3      | Gained mutation: You can fly. [Tengu growth]
  1881 | D:3      | Reached XP level 5. HP: 24/34 MP: 6/6
  1883 | D:3      | Reached skill level 5 in Long Blades
  2061 | D:3      | Found a bloodstained altar of Trog.
  2135 | D:3      | Found a white marble altar of Elyvilon.
  2353 | D:3      | Reached *** piety under Trog
  2365 | D:3      | Reached skill level 5 in Fighting
  2724 | D:3      | Reached XP level 6. HP: 40/40 MP: 7/7
  3451 | D:4      | Got a vibrating marble ring
  3454 | D:4      | Found a glowing drain.
  3463 | D:4      | Noticed Overlord's ghost (novice DsGl)
  3489 | Sewer    | Entered a sewer
  3774 | Sewer    | Reached skill level 6 in Long Blades
  4114 | Sewer    | Reached XP level 7. HP: 42/45 MP: 4/8
  4185 | Sewer    | Reached **** piety under Trog
  4700 | D:4      | Killed Overlord's ghost
  4700 | D:4      | Reached skill level 7 in Long Blades
  4700 | D:4      | Reached XP level 8. HP: 53/53 MP: 5/9
  5304 | D:4      | Reached skill level 8 in Long Blades
  5789 | D:4      | Identified the ring "Xiphu" {Ice Int+3} (You found it on level 4 of the Dungeon)
  5945 | D:5      | Entered Level 5 of the Dungeon
  6570 | D:5      | Found a snail-covered altar of Cheibriados.
  7227 | D:6      | Reached skill level 9 in Long Blades
  7302 | D:6      | Reached XP level 9. HP: 49/60 MP: 10/10
  7490 | D:6      | Found a staircase to the Ecumenical Temple.
  7869 | D:6      | Got a steaming rapier
  7984 | D:6      | Found a hazy altar of Hepliaklqana.
  8125 | D:6      | Noticed Eustachio
  8134 | D:6      | Reached skill level 10 in Long Blades
  8153 | D:6      | Killed Eustachio
  8153 | D:6      | Reached skill level 10 in Fighting
  8735 | D:7      | Identified the +4 rapier of Inquiry {freeze, MR+ Dex+3} (You found it on level 6 of the Dungeon)
  8974 | D:7      | Reached XP level 10. HP: 68/68 MP: 11/11
  9063 | D:7      | Reached ***** piety under Trog
  9377 | D:7      | Noticed Pikel
  9390 | D:7      | Killed Pikel
  9390 | D:7      | Reached skill level 5 in Armour
  9390 | D:7      | Reached skill level 5 in Dodging
  9562 | D:7      | Found a shattered altar of Ashenzari.
  9567 | D:7      | Found a sparkling altar of Nemelex Xobeh.
  9570 | D:7      | Found a hide-covered altar of Uskayaw.
  9929 | D:8      | Noticed Psyche
  9945 | D:8      | Killed Psyche
 10276 | D:8      | Reached skill level 1 in Bows
 10700 | D:8      | Found a sacrificial altar of Ru.
 10814 | D:8      | Reached XP level 11. HP: 72/72 MP: 12/12
 10859 | D:8      | Reached skill level 11 in Long Blades
 10859 | D:8      | Reached skill level 5 in Bows
 11346 | D:8      | Noticed a two-headed ogre
 11352 | D:8      | Killed a two-headed ogre
 11592 | D:9      | Received a gift from Trog
 11637 | D:9      | Found a staircase to the Lair.
 11869 | D:9      | Found an iron altar of Okawaru.
 12342 | D:9      | Received a gift from Trog
 12464 | D:9      | Gained mutation: You possess an exceptional clarity of mind. [mutagenic meat]
 12465 | D:9      | Lost mutation: You possess an exceptional clarity of mind. [mutagenic meat]
 12599 | D:10     | Entered Level 10 of the Dungeon
 12630 | D:10     | Noticed a two-headed ogre
 12638 | D:10     | Killed a two-headed ogre
 12638 | D:10     | Reached skill level 12 in Long Blades
 12925 | D:10     | Noticed Fannar
 12935 | D:10     | Killed Fannar
 13107 | D:10     | Received a gift from Trog
 13134 | D:10     | HP: 2/72 [yak (10)]
 13140 | D:10     | HP: 3/108 [yak (6)]
 13141 | D:10     | Slain by a yak

Skill      XL: |  1  2  3  4  5  6  7  8  9 10 11 |
---------------+----------------------------------+-----
Long Blades    | 4 5 6 7 9 10 12 | 12.4
Fighting       | 4 5 7 8 10 | 10.0
Armour         | 3 6 |  6.6
Dodging        | 3 6 |  6.5
Bows           | 4 8 |  8.1

Action                   |  1- 3 |  4- 6 |  7- 9 | 10-12 || total
-------------------------+-------+-------+-------+-------++-------
Melee: Falchion          |    52 |   131 |   170 |       ||   353
       Peck              |    10 |    21 |    60 |    88 ||   179
       Kick              |    12 |    52 |    99 |   134 ||   297
       Scimitar          |       |       |    66 |   354 ||   420
       Rapier            |       |       |     5 |       ||     5
Invok: Berserk           |     1 |     4 |     7 |     7 ||    19
 Abil: Fly               |       |     7 |    18 |     8 ||    33
  Use: Scroll            |       |       |     8 |     1 ||     9
       Potion            |       |       |       |     3 ||     3
 Stab: Sleeping          |     2 |     3 |     2 |       ||     7
       Paralysed         |       |       |       |     1 ||     1
       Distracted        |       |       |       |     1 ||     1
  Eat: Chunk             |     1 |    14 |    18 |    24 ||    57
       Fruit             |       |       |     2 |       ||     2
       Meat ration       |       |       |     1 |       ||     1
Armor: Animal skin       |     8 |     9 |     9 |       ||    26
       Scale mail        |       |       |    29 |       ||    29
       Ring mail         |       |       |     2 |    53 ||    55
       Skin              |       |       |       |     5 ||     5
Dodge: Dodged            |    38 |    91 |   121 |   209 ||   459
       Rpst.: Falchion   |    12 |    30 |    27 |       ||    69
       Scimitar          |       |       |     8 |    56 ||    64
